 Dungeon Crawl Stone Soup version 0.24.0-125-gc4c63601f3 (webtiles) character file.

Game seed: 17676470567377809321, levelgen mode: deterministic

10219 Peloso the Carver (level 11, -9/97 HPs)
             Began as a Minotaur Fighter on Mar 21, 2020.
             Was an Elder of Okawaru.
             Mangled by a very large slime creature (49 damage)
             ... in a Gauntlet.
             The game lasted 00:26:59 (10362 turns).

Peloso the Carver (Minotaur Fighter)               Turns: 10362, Time: 00:27:00

Health: -9/97      AC: 17    Str: 22    XL:     11   Next: 33%
Magic:  10/10      EV:  7    Int:  5    God:    Okawaru [****..]
Gold:   467        SH: 12    Dex: 12    Spells: 10/10 levels left

rFire    + . .     SeeInvis .   a - +0 long sword
rCold    . . .     Gourm    .   c - +0 shield
rNeg     . . .     Faith    .   J - +2 plate armour {rF+}
rPois    .         Spirit   .   (helmet restricted)
rElec    .         Reflect  .   (no cloak)
rCorr    +         Harm     .   (no gloves)
MR       .....     NoTele   +   (no boots)
Stlth    ..........             E - amulet of magic regeneration
HPRegen  0.26/turn              t - +3 ring of slaying
MPRegen  0.37/turn              p - ring of resist corrosion

@: studying Conjurations
A: retaliatory headbutt, horns 2
a: Heroism, Renounce Religion


You were in a Gauntlet.
You worshipped Okawaru.
Okawaru was greatly pleased with you.
You were near starving.

You visited 2 branches of the dungeon, and saw 12 of its levels.
You also visited: Sewer and Gauntlet.

You collected 467 gold pieces.

Inventory:

Hand Weapons
 a - a +0 long sword (weapon)
 b - a +3 spear of flaming
Armour
 c - a +0 shield (worn)
 g - a +0 chain mail
 G - a +0 plate armour
 J - a +2 plate armour of fire resistance (worn)
Jewellery
 e - an uncursed amulet of the acrobat
 i - an uncursed ring of wizardry
 p - a ring of resist corrosion (right hand)
 t - a +3 ring of slaying (left hand)
 E - an amulet of magic regeneration (around neck)
 K - an uncursed ring of ice {unknown}
Wands
 o - a wand of iceblast (8)
 w - a wand of flame (15)
 y - a wand of digging (7)
 I - a wand of random effects (18)
 L - a wand of acid (8)
Scrolls
 h - 2 scrolls of fog
 j - 6 scrolls of remove curse
 k - 4 scrolls of amnesia
 m - 6 scrolls of magic mapping
 q - 7 scrolls of teleportation
 r - 3 scrolls of enchant weapon
 s - a scroll of noise
 z - 4 scrolls of blinking {unknown}
 B - a scroll of random uselessness {unknown}
 F - 2 scrolls of identify
Potions
 d - 3 potions of might
 l - 2 potions of curing
 n - a potion of invisibility {unknown}
 u - a potion of haste
 v - a potion of ambrosia
 x - 2 potions of agility
 A - 3 potions of heal wounds
 C - 3 potions of mutation
 D - a potion of brilliance
Books
 H - a manual of Conjurations
Comestibles
 f - 11 rations


   Skills:
 + Level 9.2 Fighting
 + Level 12.8 Long Blades
 + Level 11.0 Armour
 + Level 3.2 Dodging
 + Level 0.3 Stealth
 + Level 10.2 Shields
 + Level 0.2 Invocations


You had 10 spell levels left.
You didn't know any spells.
Your spell library contained the following spells:

 Spells                   Type           Power        Failure   Level  Hunger
 Animate Skeleton         Necr           N/A          100%        1    ##.....
 Apportation              Tloc           #.....       100%        1    ##.....
 Confusing Touch          Hex            #.....       100%        1    ##.....
 Summon Small Mammal      Summ           #...         100%        1    ##.....
 Sublimation of Blood     Necr           #.........   100%        2    ###....
 Ignite Poison            Fire/Tmut/Pois #.......     100%        3    ####...
 Petrify                  Tmut/Erth      #.......     100%        4    #####..
 Alistair's Intoxication  Tmut/Pois      #.......     100%        5    ######.
 Irradiate                Conj/Tmut      #.........   100%        5    ######.


Dungeon Overview and Level Annotations

Branches:
Dungeon (13/15)            Temple (1/1) D:7             Orc (0/2) D:9
  Sewer (visited)         Gauntlet (1/1)
   Lair: D:8-11      Vaults: D:13-14

Altars:
Ashenzari
Cheibriados
Dithmenos
Elyvilon
Fedhas
Gozag
Hepliaklqana
Kikubaaqudgha
Makhleb
Nemelex Xobeh
Okawaru
Qazlal
Ru
Sif Muna
Trog
Uskayaw
Vehumet
Wu Jian
Xom
Yredelemnul
Zin
The Shining One
Beogh

Portals:
Trove: D:10 (give 15 potions of curing)

Annotations:
D:4 3 runed translucent doors, blackhawk's ghost, novice DsFi Gauntlet 9 transporters


Innate Abilities, Weirdness & Mutations

You reflexively headbutt those who attack you in melee.
You have a pair of horns on your head.


Message History

The very large slime creature hits you!!
You slash the very large slime creature!
Your headbutt misses the very large slime creature.
The very large slime creature is severely wounded.
You slash the very large slime creature!
You headbutt the very large slime creature.
The very large slime creature is severely wounded.
The very large slime creature closely misses you.
You furiously retaliate!
You headbutt the very large slime creature!
You riposte.
You slash the very large slime creature!
Your headbutt misses the very large slime creature.
The very large slime creature is almost dead.
Your plate armour prevents you from hitting the very large slime creature.
Your headbutt misses the very large slime creature.
The very large slime creature is almost dead.
The very large slime creature hits you!!!
Ouch! That really hurt!
You die...

########...###########...########
.........≈.............≈.........
.......§≈8§...........≈8§........
.......§.≈.............≈.........
########...###########...########
..≈....#...#.........#...#uG.#...
≈.≈≈.≈≈#...#.#.#.#.#.#...#u.#..##
≈≈..≈..#####..#.#J#.)#####..##..#
..≈≈.≈.#...#.#.#@#.#.#...#..#..##
≈..≈..©#©.©#..#.©.#.©#©.©#..##©.#
≈.≈≈...#...#.#.#.#.#!#...#..#..##
.≈..≈.≈#####..#.#.#..#####..##..#
≈..≈≈≈.#...#.#.#.#.#.#...#..#..##
©≈≈....#.8.#.........#.8.#...#...
########...###########...########
.................................
.................................


You could see a very large slime creature.

Vanquished Creatures
  3 two-headed ogres
  A tengu warrior (Gauntlet)
  A tengu conjurer (Gauntlet)
  4 hippogriffs
  Sigmund (D:4)
  5 yaks
  2 hungry ghosts
  A warg (D:9)
  2 water moccasins
  3 ice beasts
  5 orc warriors
  A black bear (D:8)
  A necrophage (D:7)
  10 ogres
  3 centaurs
  3 big kobolds
  A gnoll sergeant (D:7)
  6 bullfrogs
  3 killer bees (D:9)
  4 scorpions
  8 wights
  4 howler monkeys
  2 crimson imps
  2 bullfrog zombies
  3 centaur zombies
  2 hounds
  A gnoll shaman (D:5)
  7 orc priests
  3 jellies
  2 bullfrog skeletons
  2 centaur skeletons
  Natasha (D:1)
  4 iguanas
  6 orc wizards
  12 worker ants
  A hound skeleton (D:5)
  A worker ant zombie (D:5)
  8 gnolls
  15 adders
  2 shadow imps
  3 oozes (Sewer)
  3 adder skeletons
  2 adder zombies
  2 worms
  5 dart slugs
  7 leopard geckos
  24 orcs
  11 bats
  A bat zombie (D:7)
  7 giant cockroaches
  6 goblins
  11 hobgoblins
  2 jackals (D:5)
  2 quokkas
  7 ball pythons
  6 frilled lizards
  12 kobolds
  2 quokka skeletons
  11 rats
270 creatures vanquished.

Notes
Turn   | Place    | Note
-------+----------+-------------------------------------------
     0 | D:1      | Peloso the Minotaur Fighter began the quest for the Orb.
     0 | D:1      | Reached XP level 1. HP: 19/19 MP: 0/0
   116 | D:1      | Reached XP level 2. HP: 25/27 MP: 1/1
   798 | D:2      | Noticed Natasha
   809 | D:1      | Noticed a crimson imp
   811 | D:1      | Killed Natasha
   811 | D:1      | Reached XP level 3. HP: 6/33 MP: 2/2
  1120 | D:2      | Reached XP level 4. HP: 38/40 MP: 3/3
  1186 | D:2      | Reached skill level 3 in Long Blades
  1468 | D:2      | Found a sparkling altar of Nemelex Xobeh.
  1856 | D:3      | Reached skill level 5 in Shields
  2010 | D:3      | Found a blossoming altar of Fedhas.
  2027 | D:3      | Reached XP level 5. HP: 40/46 MP: 4/4
  2246 | D:4      | Reached skill level 1 in Dodging
  2251 | D:4      | Reached skill level 4 in Long Blades
  2339 | D:4      | Found a shattered altar of Ashenzari.
  2368 | D:4      | Noticed an ogre
  2375 | D:4      | Killed an ogre
  2375 | D:4      | Reached skill level 5 in Armour
  2375 | D:4      | Reached XP level 6. HP: 39/53 MP: 5/5
  2381 | D:4      | Noticed Sigmund
  2395 | D:4      | Killed Sigmund
  2395 | D:4      | Reached skill level 5 in Long Blades
  2696 | D:4      | Found a runed translucent gate.
  2696 | D:4      | Found a runed translucent gate.
  2696 | D:4      | Found a runed translucent gate.
  2700 | D:4      | Noticed blackhawk's ghost (novice DsFi)
  2760 | D:4      | Reached XP level 7. HP: 52/60 MP: 6/6
  2765 | D:4      | Reached skill level 6 in Long Blades
  3505 | D:4      | Found a roughly hewn altar of Beogh.
  3539 | D:5      | Entered Level 5 of the Dungeon
  3554 | D:5      | Reached skill level 7 in Long Blades
  3859 | D:5      | Reached skill level 5 in Fighting
  4152 | D:5      | Found a stormy altar of Qazlal.
  4154 | D:5      | Noticed an air elemental
  4162 | D:5      | Reached XP level 8. HP: 59/68 MP: 7/7
  4581 | D:5      | Reached skill level 8 in Long Blades
  4885 | D:6      | Reached skill level 9 in Long Blades
  4949 | D:6      | Found a glowing drain.
  4968 | Sewer    | Entered a sewer
  5151 | Sewer    | Reached XP level 9. HP: 75/75 MP: 8/8
  5427 | D:6      | Found a shadowy altar of Dithmenos.
  5989 | D:6      | Reached skill level 10 in Long Blades
  6852 | D:7      | Found a staircase to the Ecumenical Temple.
  6876 | Temple   | Entered the Ecumenical Temple
  6883 | Temple   | Became a worshipper of Warmaster Okawaru
  7148 | D:7      | Found an ancient bone altar of Kikubaaqudgha.
  7369 | D:8      | Reached * piety under Okawaru
  7369 | D:8      | Reached XP level 10. HP: 83/86 MP: 9/9
  7396 | D:8      | Found a white marble altar of Elyvilon.
  7486 | D:8      | Noticed a two-headed ogre
  7493 | D:8      | Killed a two-headed ogre
  7493 | D:8      | Reached skill level 11 in Long Blades
  7762 | D:9      | Reached skill level 10 in Armour
  7792 | D:9      | Reached ** piety under Okawaru
  7898 | D:9      | Found a shimmering blue altar of Sif Muna.
  8551 | D:9      | Found a staircase to the Orcish Mines.
  8706 | D:9      | Reached skill level 12 in Long Blades
  8726 | D:9      | Reached *** piety under Okawaru
  9091 | D:10     | Entered Level 10 of the Dungeon
  9167 | D:10     | Found a portal to a secret trove of treasure.
  9445 | D:10     | Noticed a two-headed ogre
  9454 | D:10     | HP: 4/90 [two-headed ogre/+0 giant club (11)]
  9462 | D:10     | Killed a two-headed ogre
  9462 | D:10     | Reached **** piety under Okawaru
  9462 | D:10     | Reached XP level 11. HP: 11/95 MP: 10/10
  9923 | D:10     | You fall into a shaft and drop 3 floors!
  9924 | D:13     | Noticed a two-headed ogre
  9933 | D:13     | Killed a two-headed ogre
  9933 | D:13     | Reached skill level 10 in Shields
  9977 | D:13     | Found a gate leading to a gauntlet.
  9985 | Gauntlet | Entered a Gauntlet
  9985 | Gauntlet | Found a transporter.
  9985 | Gauntlet | Found a transporter.
  9985 | Gauntlet | Found a transporter.
  9985 | Gauntlet | Found a transporter.
  9985 | Gauntlet | Noticed a death scarab
  9985 | Gauntlet | Noticed a tengu warrior
  9999 | Gauntlet | Found a transporter.
  9999 | Gauntlet | Found a transporter.
 10017 | Gauntlet | Found a transporter.
 10019 | Gauntlet | Found a transporter.
 10020 | Gauntlet | Noticed a wizard
 10021 | Gauntlet | Noticed a purple ugly thing
 10029 | Gauntlet | Noticed a white ugly thing
 10032 | Gauntlet | Noticed a glowing orange brain
 10043 | Gauntlet | Found a transporter.
 10139 | Gauntlet | Found a transporter.
 10143 | Gauntlet | Found a transporter.
 10159 | Gauntlet | Found a transporter.
 10242 | Gauntlet | Killed a tengu warrior
 10362 | Gauntlet | Mangled by a very large slime creature

Levels and vault maps discovered:
D:1:      wander_arrival_chamber, layout_loops_corners, minmay_pentomino_v4
D:2:      layout_rooms, nemelex_altar_shiori, uniq_natasha
D:3:      layout_loops_ring, lemuel_round_altar
D:4:      layout_gridville, nicolae_overflow_crystal_walls, first_ration,
          biasface_ghost_orc_armoury, uniq_sigmund
D:5:      minmay_razor_zed, layout_rooms, nicolae_qazlal_style_of_elements
D:6:      layout_loops_ring, old_standard_altar, cheibrodos_sewer_entry_drain,
          minmay_manual_macuahuitl
D:7:      lemuel_ice_spiral_2, layout_rooms, lemuel_zombie_altar_kikubaaqudgha,
          minmay_temple_entry_tees
D:8:      layout_cave_pools, overflow_temple_1_default, minmay_misc_feat_cross
D:9:      layout_small_grid, lemuel_doored_altar, david_orc_1_choice
D:10:     minmay_the_grid_3x3 [minmay_the_grid_garden, minmay_the_grid_paths,
          minmay_the_grid_eight, minmay_the_grid_slots,
          minmay_the_grid_outer_circle, minmay_the_grid_large_cup,
          minmay_the_grid_minigrid_large, minmay_the_grid_holed_spiral,
          minmay_the_grid_prize_shrinking_boxes], layout_irregular_city,
          enter_trove_3
D:13:     layout_basic, skrybe_vaults_entry_preservation,
          gauntlet_entry_generic, hangedman_pestilent_swarm
Temple:   nicolae_temple_no_exploring_needed
Gauntlet: gammafunk_gauntlet_hard_choice [nicolae_gauntlet_arena_flowing_pool,
          nicolae_gauntlet_arena_t_cross, gammafunk_gauntlet_arena_grid,
          gammafunk_gauntlet_arena_split_x, gammafunk_gauntlet_arena_teeth,
          gammafunk_gauntlet_arena_spirals, gauntlet_exit_spiral]

Skill      XL: |  1  2  3  4  5  6  7  8  9 10 11 |
---------------+----------------------------------+-----
Shields        | 4 5 6 7 8 9 10 | 10.2
Fighting       | 4 5 7 8 9 |  9.2
Armour         | 4 5 6 7 9 10 11 | 11.0
Long Blades    | 3 4 5 7 9 10 12 | 12.8
Dodging        | 1 2 3 |  3.2
Stealth        | |  0.3
Invocations    | |  0.2

Action                   |  1- 3 |  4- 6 |  7- 9 | 10-12 || total
-------------------------+-------+-------+-------+-------++-------
Melee: Long sword        |    72 |   133 |   374 |   293 ||   872
       Headbutt          |    10 |    20 |    76 |    68 ||   174
Invok: Heroism           |       |       |       |     3 ||     3
  Use: Potion            |     2 |     2 |     5 |     3 ||    12
       Scroll            |       |     3 |     4 |     4 ||    11
  Eat: Chunk             |       |     6 |    15 |     6 ||    27
       Ration            |       |       |       |     1 ||     1
Armor: Scale mail        |    39 |       |       |       ||    39
       Chain mail        |       |    74 |   119 |       ||   193
       Plate armour      |       |       |    34 |   101 ||   135
Dodge: Dodged            |    25 |    53 |   119 |    65 ||   262
Block: Shield            |    51 |    90 |   201 |   157 ||   499
       Rpst.: Long sword |     5 |    13 |    25 |    15 ||    58
